 Dungeon Crawl Stone Soup version 0.27-a0-1105-g946c659c87 (webtiles) character file.

Game seed: 7802741017030642594

1241 kae the Cleaver (level 8, 0/73 HPs)
             Began as a Hill Orc Fighter on Apr 29, 2021.
             Slain by an iguana (11 damage)
             ... on level 6 of the Dungeon.
             The game lasted 00:05:14 (5526 turns).

kae the Cleaver (Hill Orc Fighter)                  Turns: 5526, Time: 00:05:15

Health: 0/73       AC: 15    Str: 21    XL:     8   Next: 49%
Magic:  8/8        EV:  7    Int:  8    God:
Gold:   156        SH:  9    Dex: 13    Spells: 7/7 levels left

rFire    . . .     SeeInvis .   a - +1 war axe
rCold    . . .     Faith    .   c - +0 kite shield
rNeg     . . .     Spirit   .   o - +5 scale mail of Cowardice {Will- Regen+ Dex+3}
rPois    .         Reflect  .   (no helmet)
rElec    .         Harm     .   (no cloak)
rCorr    .         Rampage  .   (no gloves)
Will     .....                  u - +2 pair of boots
Stlth    ..........             (no amulet)
HPRegen  1.22/turn              (no ring)
MPRegen  0.11/turn              (no ring)

@: no status effects
A: no striking features
a: no special abilities


You were on level 6 of the Dungeon.
You visited 1 branch of the dungeon, and saw 6 of its levels.
You also visited: Sewer.

You collected 215 gold pieces.
You spent 59 gold pieces at shops.

Inventory:

Hand Weapons
 a - a +1 war axe (weapon)
Armour
 b - a +1 scale mail
 c - a +0 kite shield (worn)
 o - the +5 scale mail of Cowardice (worn) {Will- Regen+ Dex+3}
   (You found it on level 5 of the Dungeon)

   It affects your dexterity (+3).
   It increases your rate of health regeneration.
   It decreases your willpower.
 u - a +2 pair of boots (worn)
Jewellery
 f - an amulet of the acrobat
Wands
 g - a wand of flame (48)
 m - a wand of polymorph (1)
 t - a wand of iceblast (7)
Scrolls
 d - a scroll of fog
 e - a scroll of silence
 h - 2 scrolls of enchant armour
Potions
 i - 2 potions of brilliance
 j - a potion of lignification
 k - 2 potions of degeneration
 l - 2 potions of curing
 n - a potion of berserk rage
 p - 2 potions of flight {unknown}
 q - 3 potions of heal wounds {unknown}
 r - a potion of mutation {unknown}
 s - 2 potions of might


   Skills:
 + Level 7.0 Fighting
 * Level 9.6 Axes
 + Level 6.3 Armour
 - Level 3.2 Shields


You had 7 spell levels left.
You didn't know any spells.
Your spell library contained the following spells:

 Spells                   Type           Power      Damage    Failure   Level
 Magic Dart               Conj           0%         1d3       99%         1
 Summon Small Mammal      Summ           0%         N/A       99%         1
 Blink                    Tloc           N/A        N/A       100%        2
 Call Imp                 Summ           0%         N/A       100%        2
 Searing Ray              Conj           0%         3d3       100%        2
 Slow                     Hex            0%         N/A       100%        2
 Call Canine Familiar     Summ           0%         N/A       100%        3
 Conjure Flame            Conj/Fire      0%         6-21      100%        3
 Dazzling Flash           Conj/Hex       0%         N/A       100%        3
 Mephitic Cloud           Conj/Pois/Air  0%         N/A       100%        3
 Summon Guardian Golem    Hex/Summ       0%         N/A       100%        3
 Fulminant Prism          Conj/Hex       0%         3d6       100%        4
 Iskenderun's Mystic Bla  Conj/Tloc      0%         2d3       100%        4
 Summon Ice Beast         Ice/Summ       0%         N/A       100%        4
 Summon Lightning Spire   Summ/Air       0%         N/A       100%        4


Dungeon Overview and Level Annotations

Branches:
Dungeon (6/15)             Temple (0/1) D:4           Sewer (visited)

Altars:
Uskayaw
Vehumet
Zin

Shops:
D:1 !   D:2 ?   D:5 *


Message History

You barely miss the iguana. You closely miss the gnoll.
The wyvern zombie bites you! You block the iguana's attack.
You block the gnoll's attack. The gnoll completely misses you.
The wyvern zombie closely misses you.
You slash the wyvern zombie!
The wyvern zombie is almost destroyed.
You barely miss the gnoll. You barely miss the iguana.
You block the iguana's attack.
The wyvern zombie bites you but does no damage.
The gnoll hits you from afar with a +0 halberd.
The gnoll completely misses you. The wyvern zombie barely misses you.
You block the iguana's attack. The gnoll barely misses you.
You hit the wyvern zombie.
You destroy the wyvern zombie!
You hit the iguana. You hit the gnoll but do no damage.
The gnoll barely misses you. The iguana barely misses you.
You block the gnoll's attack. The gnoll completely misses you.
You hit the iguana but do no damage.
The iguana is moderately wounded.
You hit the gnoll. The iguana bites you!
* * * LOW HITPOINT WARNING * * *
The gnoll hits you from afar with a +0 halberd!
* * * LOW HITPOINT WARNING * * *
The gnoll hits you but does no damage.
You hit the iguana.
The iguana is heavily wounded.
You hit the gnoll.
You kill the gnoll!
You block the iguana's attack. You block the gnoll's attack.
Your Fighting skill increases to level 7!
You hit the iguana but do no damage.
The iguana is heavily wounded.
You block the iguana's attack. You block the gnoll's attack.
The iguana bites you but does no damage.
The gnoll hits you from afar with a +0 halberd.
* * * LOW HITPOINT WARNING * * *
Your shield prevents you from hitting the iguana.
The iguana is heavily wounded.
The iguana bites you!
You die...

#.#.# #.#.#
#.#.# #...#
#...# #...###
#.....#
...######.#.#
......l@....#
.....g))>..##
....?...[..#
...#......>#
.. #.......#
# #.......#
#.......#
#.......#


You could see an iguana and a gnoll.

Vanquished Creatures
  A yak (D:3)
  An ogre (D:4)
  A centaur (D:5)
  A phantom (D:5)
  A kobold brigand (Sewer)
  A gnoll sergeant (D:5)
  A scorpion (D:4)
  A wyvern zombie (D:6)
  3 hounds
  A centaur zombie (D:5)
  2 orc priests
  Jessica (D:2)
  Ijyb (D:4)
  3 iguanas
  2 orc wizards (D:6)
  A scorpion zombie (D:5)
  3 gnolls
  7 adders
  2 river rats (Sewer)
  A worm (D:4)
  A dart slug (D:4)
  24 orcs
  6 ball pythons
  5 bats
  6 endoplasms
  5 giant cockroaches
  5 goblins
  6 hobgoblins
  8 jackals
  5 kobolds
  2 quokkas
  7 frilled lizards
  10 rats
125 creatures vanquished.

Notes
Turn   | Place    | Note
-------+----------+-------------------------------------------
     0 | D:1      | kae the Hill Orc Fighter began the quest for the Orb.
     0 | D:1      | Reached XP level 1. HP: 19/19 MP: 1/1
   151 | D:1      | Reached skill level 3 in Axes
   205 | D:1      | Reached XP level 2. HP: 27/27 MP: 2/2
   298 | D:1      | Found Wihawk's Distillery.
   328 | D:1      | Bought a potion of degeneration for 11 gold pieces
   374 | D:1      | Reached XP level 3. HP: 19/33 MP: 3/3
   637 | D:1      | Found a faded altar of an unknown god.
  1102 | D:2      | Reached skill level 4 in Axes
  1737 | D:3      | Reached XP level 4. HP: 39/40 MP: 4/4
  2005 | D:3      | Noticed a yak
  2016 | D:3      | Killed a yak
  2017 | D:3      | Reached skill level 5 in Fighting
  2017 | D:3      | Reached skill level 5 in Axes
  2017 | D:3      | Reached XP level 5. HP: 24/48 MP: 5/5
  2036 | D:3      | Reached skill level 6 in Axes
  2266 | D:3      | Found a radiant altar of Vehumet.
  2658 | D:2      | Noticed Jessica
  2665 | D:2      | Reached XP level 6. HP: 44/56 MP: 6/6
  2665 | D:2      | Killed Jessica
  2755 | D:2      | Found a glowing silver altar of Zin.
  2779 | D:2      | Found Nuntatay's Magic Scroll Shoppe.
  2788 | D:2      | Bought a scroll of identify for 24 gold pieces
  2788 | D:2      | Bought a scroll of identify for 24 gold pieces
  3103 | D:4      | Found a glowing drain.
  3112 | D:4      | Noticed Ijyb
  3131 | D:4      | Killed Ijyb
  3162 | Sewer    | Entered a sewer
  3414 | Sewer    | Found a white marble altar of Elyvilon.
  3582 | D:4      | Reached skill level 7 in Axes
  3582 | D:4      | Reached skill level 5 in Armour
  3582 | D:4      | Reached XP level 7. HP: 61/61 MP: 7/7
  3919 | D:4      | Found a staircase to the Ecumenical Temple.
  4122 | D:5      | Entered Level 5 of the Dungeon
  4167 | D:5      | Noticed Sigmund
  4601 | D:5      | Reached skill level 8 in Axes
  4705 | D:5      | Reached XP level 8. HP: 64/71 MP: 8/8
  4747 | D:5      | Found Kyaval's Mass Market.
  4813 | D:5      | Noticed Sigmund
  4813 | D:5      | Sigmund changed into Sigmund the centaur
  4823 | D:5      | Killed Sigmund the centaur
  4960 | D:5      | Reached skill level 9 in Axes
  5211 | D:5      | Found a hide-covered altar of Uskayaw.
  5382 | D:5      | Identified the +5 scale mail of Cowardice {Will- Regen+
                  | Dex+3}
  5526 | D:6      | Slain by an iguana

Illustrated notes

Levels and vault maps discovered:
D:1:      dpeg_arrival_snail, layout_basic, serial_shops,
          nicolae_shop_temple_entry_statues_fountains,
          ebering_ecumenical_altar_rust
D:2:      layout_basic, serial_shops, shop, basic_altar, uniq_jessica
D:3:      layout_loops_ring, lemuel_tele_altar, st_stairs_5, minmay_vboxes
D:4:      layout_cave_pools, minmay_temple_entry_fiery, portal_sewer_entry_a,
          minivault_1, uniq_ijyb
D:5:      layout_basic, kennysheep_mini_moat, minmay_shop_mass,
          hangedman_abyss_or_decor_stabs, kennysheep_generic_room_4,
          uniq_sigmund
D:6:      layout_basic, lightli_corner_chamber

Skill      XL: |  1  2  3  4  5  6  7  8 |
---------------+-------------------------+-----
Axes           | 3 4 5 6 7 8 9 |  9.6
Fighting       | 4 5 6 7 |  7.0
Armour         | 4 5 6 |  6.3
Shields        | |  3.2

Action                   |  1- 3 |  4- 6 |  7- 9 || total
-------------------------+-------+-------+-------++-------
Melee: War axe           |   104 |   136 |   123 ||   363
Evoke: Wand              |       |       |     1 ||     1
  Use: Scroll            |     5 |     7 |     1 ||    13
       Potion            |       |     1 |       ||     1
Armor: Scale mail        |    47 |    62 |    76 ||   185
       Skin              |       |    17 |       ||    17
Dodge: Dodged            |    38 |    37 |    46 ||   121
Block: Kite shield       |    47 |    71 |    60 ||   178

Table legend: (Time is in decaauts)
 A = Elapsed time spent in this place.
 B = Non-inter-level travel time spent in this place.
 C = Inter-level travel time spent in this place.
 D = Time resting spent in this place.
 E = Time spent auto-exploring this place.
 F = Levels seen in this place.
 G = Mean time per level.
                   A        B        C        D        E       F      G
               +--------+--------+--------+--------+--------+-----+--------+
         Total |   5728 |   5163 |    565 |    301 |   3854 |   7 |  818.3 |
       Dungeon |   5364 |   4799 |    565 |    299 |   3595 |   6 |  894.0 |
         Sewer |    364 |    364 |      0 |      2 |    259 |   1 |  364.0 |
               +--------+--------+--------+--------+--------+-----+--------+

Top non-repeatable levels by time:
     D:3: 1293 daAuts
     D:1: 1162 daAuts
     D:5: 1128 daAuts
     D:4: 986 daAuts
     D:2: 701 daAuts
   Sewer: 364 daAuts
     D:6: 92 daAuts
